[Event "*** Titled Tuesday Blitz"]
[Site "Chess.com"]
[Date "2021.03.02"]
[Round "11"]
[White "Frogo47"]
[Black "lamomiablanca"]
[Result "1-0"]
[WhiteElo "2537"]
[BlackElo "2381"]
[TimeControl "180+1"]
[EndTime "12:09:01 PST"]
[Termination "Frogo47 won by checkmate"]

1. d4 Nf6 2. c4 c5 3. d5 e5 4. Nc3 d6 5. e4 Nbd7 6. g3 g6 7. Bg2 Bg7 8. Nge2 O-O 9. O-O a6 10. a4 b6 11. h3 Nh5 12. g4 Nhf6 13. Be3 Ne8 14. Qd2 a5 15. b3 Kh8 16. Rae1 Nef6 17.
f4 exf4 18. Bxf4 Ne8 19. Nc1 Ne5 20. Nd3 Qe7 21. Nb5 Bd7 22. Nc3 Nxd3 23. Qxd3 Be5 24.
Qd2 f6 25. Ne2 Ng7 26. Rf2 Rae8 27. Ref1 g5 28. Bxe5 Qxe5 29. Qc3 Kg8 30. Rxf6 Rxf6 31. Rxf6 Qe7 32. Ng3 Rf8 33. e5 dxe5 34. Rxb6 h5 35. Rg6 Qf7 36. Rxg5 Qf2+ 37. Kh2 h4 38. Nh5 Kh8 39.
Rxg7 Be8 40. Qxe5 Bc6 41. Rf7+ Kg8 42. Qg7# 1-0

[Event "*** Titled Tuesday Blitz"]
[Site "Chess.com"]
[Date "2021.03.02"]
[Round "11"]
[White "Marty435"]
[Black "ram1zan"]
[Result "1-0"]
[WhiteElo "2559"]
[BlackElo "2901"]
[TimeControl "180+1"]
[EndTime "12:09:03 PST"]
[Termination "Marty435 won by checkmate"]

1. e4 Nf6 2. e5 Nd5 3. d4 d6 4. Nf3 dxe5 5. Nxe5 c6 6. Be2 Bf5 7. O-O Nd7 8. Nf3 e6 9. c4 N5f6 10. Nh4 Bg6 11. Nc3 Bd6 12. f4 O-O 13. Nxg6 hxg6 14.
Be3 Qc7 15. Bf3 g5 16. fxg5 Bxh2+ 17. Kh1 Nh7 18. g6 fxg6 19. Bg4 Rae8 20. Qd3 Qg3 21.
Bh3 g5 22. Ne4 Qh4 23. Kxh2 g4 24. Bf2 Qh5 25. Ng3 Qh6 26. Be3 g5 27. Rxf8+ Rxf8 28.
Rf1 Rxf1 29. Qxf1 gxh3 30. gxh3 Nhf6 31. Kg2 Qg6 32. Qe2 g4 33. Bf2 gxh3+ 34. Kxh3 e5 35. dxe5 Qh7+ 36. Kg2 Ne8 37. e6 Ndf6 38. Qf3 Qe7 39. Qf5 Ng7 40. Qg6 Qxe6 41. Bd4 Ne8 42. Qxe6+ Nxe6 43. Bxa7 Kf7 44. Ne4 Kg6 45. Kf3 Kf5 46. Ke3 Ke5 47. b3 N8g7 48. Nc5 Nf5+ 49. Kd3 Nf4+ 50. Kc3 b5 51. cxb5 cxb5 52. Kb4 Nd6 53.
Bb8 Nd5+ 54. Ka5 b4 55. Nb7 Kd4 56. Nxd6 Kc3 57. Nb5+ Kb2 58. Nd4 Kxa2 59. Bd6 Kb2 60. Bxb4 Nxb4 61. Kxb4 Kc1 62. Kc4 Kd1 63. b4 Ke1 64. b5 Kf1 65. b6 Kg1 66. b7 Kh1 67. b8=Q Kg2 68. Qg8+ Kh3 69. Nf5 Kh2 70. Ne3 Kh1 71.
Qg2# 1-0

[Event "*** Titled Tuesday Blitz"]
[Site "Chess.com"]
[Date "2021.03.02"]
[Round "11"]
[White "Nuvas"]
[Black "maheswaran26"]
[Result "1-0"]
[WhiteElo "2558"]
[BlackElo "2335"]
[TimeControl "180+1"]
[EndTime "12:09:03 PST"]
[Termination "Nuvas won on time"]

1. d4 Nf6 2. c4 g6 3. Nc3 Bg7 4. e4 d6 5. h3 O-O 6. Be3 e5 7. d5 Nh5 8. g3 Qe8 9. Be2 Nf6 10. g4 Na6 11. Nf3 Nc5 12. Nd2 a5 13. h4 Qe7 14. g5 Nfd7 15. h5 f5 16. gxf6 Nxf6 17. hxg6 hxg6 18. Nb3 b6 19. Nxc5 bxc5 20. Bg5 Qf7 21.
Qd3 Ng4 22. f3 Nf6 23. O-O-O Nh5 24. Rdg1 Nf4 25. Bxf4 exf4 26. e5 Bf5 27. e6 Qf6 28. Qd2 Rab8 29. Bd3 Bxd3 30. Qxd3 1-0

[Event "*** Titled Tuesday Blitz"]
[Site "Chess.com"]
[Date "2021.03.02"]
[Round "11"]
[White "PSvidler"]
[Black "DenLaz"]
[Result "1-0"]
[WhiteElo "2934"]
[BlackElo "2853"]
[TimeControl "180+1"]
[EndTime "12:09:04 PST"]
[Termination "PSvidler won by resignation"]

1. e4 e5 2. Nf3 Nc6 3. Bb5 a6 4. Ba4 Nf6 5. O-O Be7 6. d3 b5 7. Bb3 d6 8. a4 Bd7 9. Bd2 O-O 10. h3 h6 11. Re1 Re8 12. Nc3 Na5 13. Ba2 b4 14. Ne2 c5 15. c3 bxc3 16. bxc3 c4 17. Ng3 cxd3 18. Be3 Be6 19. Bxe6 fxe6 20. Qxd3 Qc7 21.
Nd2 Rec8 22. c4 Bf8 23. Rec1 Nd7 24. Qe2 Nc5 25. Bxc5 Qxc5 26. Qg4 Re8 27. Rab1 Qc7 28. Rc3 Nc6 29. Nh5 Kh8 30. Rcb3 Rab8 31. Rxb8 Nxb8 32.
Nf3 Qf7 33. Nh4 g5 34. Nf3 Be7 35. Rb7 Nc6 36. h4 Qg6 37. hxg5 Bxg5 38. Nxg5 Qxg5 39. Qxg5 hxg5 40. Rc7 1-0

[Event "*** Titled Tuesday Blitz"]
[Site "Chess.com"]
[Date "2021.03.02"]
[Round "11"]
[White "Cuajada_Zero"]
[Black "Romadk"]
[Result "1-0"]
[WhiteElo "2291"]
[BlackElo "2356"]
[TimeControl "180+1"]
[EndTime "12:09:04 PST"]
[Termination "Cuajada_Zero won by checkmate"]

1. d4 Nf6 2. Bg5 Ne4 3. Bf4 c5 4. f3 Qa5+ 5. c3 Nf6 6. Nd2 Qb6 7. Nc4 Qe6 8. e3 Nd5 9. Bxb8 Nxe3 10. Nxe3 Qxe3+ 11. Qe2 Qxe2+ 12. Nxe2 Rxb8 13. dxc5 e6 14. b4 b6 15.
cxb6 Rxb6 16. Nd4 Bb7 17. Kd2 g6 18. a4 Bh6+ 19. Kc2 Bd5 20. a5 Rb8 21. Ba6 Bg7 22.
Rhd1 Ke7 23. Rab1 f5 24. c4 Bxc4 25. Bxc4 Rhc8 26. Kb3 d5 27. Bf1 e5 28. Nb5 d4 29.
Rbc1 a6 30. Na7 Rxc1 31. Rxc1 Rb7 32. Nc6+ Kf6 33. Bxa6 Rc7 34. b5 d3 35. b6 d2 36.
Rd1 Rxc6 37. b7 Rc1 38. Rxd2 e4 39. b8=Q Kg5 40. Qd8+ Bf6 41. Qd5 Rb1+ 42. Kc2 Rb2+ 43. Kc1 Rb4 44. fxe4 Rxe4 45. Bd3 Re1+ 46. Kc2 Re5 47.
Qxe5 Bxe5 48. a6 Bxh2 49. a7 Kh4 50. a8=Q f4 51. Bxg6 hxg6 52. Qf3 g5 53. Qh3# 1-0

[Event "*** Titled Tuesday Blitz"]
[Site "Chess.com"]
[Date "2021.03.02"]
[Round "11"]
[White "zverr1"]
[Black "Piccadilly123"]
[Result "0-1"]
[WhiteElo "2424"]
[BlackElo "2274"]
[TimeControl "180+1"]
[EndTime "12:09:04 PST"]
[Termination "Piccadilly123 won by resignation"]

1. e4 e6 2. c4 d5 3. exd5 exd5 4.
cxd5 Nf6 5. Nc3 Nxd5 6. d4 Bb4 7. Qb3 O-O 8. Nf3 Re8+ 9. Be2 Qe7 10. Ne5 Nxc3 11.
bxc3 Bd6 12. Bf4 c5 13. Bc4 Be6 14. Bxe6 Qxe6 15. Qxb7 cxd4 16. cxd4 Nc6 17. O-O Nxd4 18. Rae1 Qxa2 19. Qd7 Rad8 20. Qg4 f6 21. Bh6 Re7 22. Nc6 Ne2+ 23. Rxe2 Qxe2 24. Nxe7+ Qxe7 25. g3 Kh8 26. Be3 Qd7 27. Qd4 Be5 28. Qxa7 Qxa7 29. Bxa7 h5 30. Kg2 g5 31. Rb1 Kh7 32. Rb7+ Kg6 33.
Bc5 Rd2 34. Bf8 Bd4 35. Rg7+ Kf5 36. h4 Rxf2+ 37. Kh1 gxh4 38. gxh4 Rf4 39. Bd6 Rxh4+ 40. Kg2 Rg4+ 41. Rxg4 hxg4 42. Kg3 Be5+ 0-1

[Event "*** Titled Tuesday Blitz"]
[Site "Chess.com"]
[Date "2021.03.02"]
[Round "11"]
[White "Gabix_94"]
[Black "AlexPapasimakopoulos"]
[Result "0-1"]
[WhiteElo "2799"]
[BlackElo "2636"]
[TimeControl "180+1"]
[EndTime "12:09:05 PST"]
[Termination "AlexPapasimakopoulos won by checkmate"]

1. e4 e6 2. d4 d5 3. Bd3 c5 4. exd5 exd5 5. Nf3 Nf6 6. O-O Nc6 7. Re1+ Be7 8. dxc5 O-O 9. Nc3 Bxc5 10. Bg5 Be6 11. Bh4 h6 12. Ne2 g5 13. Bg3 Ne4 14. c4 Nxg3 15. Nxg3 dxc4 16. Bf5 Qxd1 17. Raxd1 Rad8 18.
Rc1 g4 19. Ne5 Rd2 20. Ne4 Bxf2+ 21. Nxf2 Bxf5 22. Nxc4 Rd4 23. b3 Rfd8 24. Ne3 Be6 25. Nh1 Rd2 26. Ng3 Nb4 27. Rf1 Rxa2 28. Ngf5 h5 29. Rc7 Rf8 30. Rxb7 Nc2 31. Ne7+ Kh7 32.
N3f5 a5 33. h3 gxh3 34. gxh3 Rd8 35. Nc6 Rd2 36. Ne5 Nd4 37. Nxd4 Rg2+ 38. Kh1 Rh2+ 39.
Kg1 Rag2# 0-1

[Event "*** Titled Tuesday Blitz"]
[Site "Chess.com"]
[Date "2021.03.02"]
[Round "11"]
[White "Abund"]
[Black "zmeeed67"]
[Result "1-0"]
[WhiteElo "2644"]
[BlackElo "2429"]
[TimeControl "180+1"]
[EndTime "12:09:05 PST"]
[Termination "Abund won on time"]

1. e4 c5 2. Nf3 Nf6 3. e5 Nd5 4. Nc3 Nxc3 5. dxc3 Nc6 6. Bf4 h6 7. h4 e6 8. Qd2 b6 9. O-O-O Bb7 10. Bd3 Qc7 11. Qe2 O-O-O 12. Be4 d5 13. exd6 Bxd6 14. Bxd6 Rxd6 15. Bxc6 Bxc6 16. Ne5 Rhd8 17. Rxd6 Rxd6 18.
f3 Bb7 19. b3 Rd5 20. Re1 f6 21.
Nc4 e5 22. Ne3 Rd8 23. Qc4 h5 24. a4 Bc6 25. a5 Kb7 26. Kb2 g6 27. Ra1 Qe7 28.
axb6 axb6 29. Qa6+ Kc7 30. Nc4 Rb8 31. Rd1 f5 32.
Re1 1-0

[Event "*** Titled Tuesday Blitz"]
[Site "Chess.com"]
[Date "2021.03.02"]
[Round "11"]
[White "ErikRonka"]
[Black "Rytenko_V"]
[Result "0-1"]
[WhiteElo "2450"]
[BlackElo "2382"]
[TimeControl "180+1"]
[EndTime "12:09:05 PST"]
[Termination "Rytenko_V won by resignation"]

1. e4 e6 2. d4 d5 3. exd5 exd5 4. Nf3 Nf6 5. Bd3 Bd6 6. Qe2+ Qe7 7. Qxe7+ Kxe7 8.
O-O Re8 9. Re1+ Kf8 10. Rxe8+ Kxe8 11. Nc3 c6 12. Bg5 Nbd7 13. Re1+ Kf8 14. Ne5 h6 15. Bh4 Be7 16. f4 Nxe5 17. Bxf6 Bxf6 18. fxe5 Bg5 19. Ne2 Bd7 20. Kf2 Ke7 21. Ng3 Bh4 22. Kf3 g6 23.
Rf1 h5 24. h3 Rf8 25. Nh1 f6 26.
exf6+ Rxf6+ 27. Ke2 Re6+ 28. Kd1 b6 29. g3 Bg5 30. h4 Be3 31. c3 c5 32. dxc5 bxc5 33. Nf2 Rf6 34. Nh1 Bg4+ 35. Kc2 Rxf1 36. Bxf1 Bf3 0-1

[Event "*** Titled Tuesday Blitz"]
[Site "Chess.com"]
[Date "2021.03.02"]
[Round "11"]
[White "SilviusTiberius"]
[Black "urutodo"]
[Result "1-0"]
[WhiteElo "2489"]
[BlackElo "2297"]
[TimeControl "180+1"]
[EndTime "12:09:05 PST"]
[Termination "SilviusTiberius won on time"]

1. e4 c6 2. d4 d5 3. exd5 cxd5 4. Bd3 Nf6 5. c3 Nc6 6. Bf4 g6 7. Qf3 Bg7 8. h3 O-O 9. Nd2 Nh5 10. Bh2 e5 11. dxe5 Nxe5 12. Bxe5 Re8 13. Ne2 Bxe5 14. O-O-O Be6 15. g4 Nf6 16. Nb3 Qb6 17. Ned4 Rac8 18. Kb1 a5 19. Rhe1 Ne4 20. Nxe6 Rxe6 21. Bxe4 dxe4 22. Rxe4 Qc6 23. Nxa5 Qb5 24. Nc4 Rxc4 25. Qe2 Rc5 26. Qxb5 Rxb5 27. Kc2 Bf6 28. Rxe6 fxe6 29. Rd7 b6 30. a4 Rd5 31. Rb7 Rd6 32. f4 h6 33. b4 e5 34. fxe5 Bxe5 35. c4 Rc6 36.
Kd3 Rd6+ 37. Ke4 Bg7 38. Rb8+ Kf7 39. Rb7+ Kf6 40. c5 bxc5 41. bxc5 Re6+ 42. Kd5 Bf8 43. Rb6 Rxb6 44. cxb6 Be7 45. b7 1-0

[Event "*** Titled Tuesday Blitz"]
[Site "Chess.com"]
[Date "2021.03.02"]
[Round "11"]
[White "Das_Virus_2020"]
[Black "gumimis"]
[Result "0-1"]
[WhiteElo "2425"]
[BlackElo "2307"]
[TimeControl "180+1"]
[EndTime "12:09:07 PST"]
[Termination "gumimis won on time"]

1. e4 c5 2. c3 Nc6 3. d4 cxd4 4.
cxd4 e6 5. Nc3 d5 6. e5 Bb4 7. Nf3 Nge7 8. Be3 O-O 9. Bd3 b6 10. O-O a5 11. Nb5 Nf5 12. Bf4 Ba6 13. a4 Be7 14. g4 Nh4 15. Nxh4 Bxh4 16. Bxh7+ Kxh7 17. Qc2+ f5 18. Qxc6 fxg4 19. Bg3 Bxb5 20. axb5 Bxg3 21. hxg3 Re8 22. Rac1 Rc8 23. Qb7 Rf8 24.
Rxc8 Qxc8 25. Qxb6 a4 26. Qc6 Qxc6 27. bxc6 Rc8 28.
Rc1 Kg6 29. Kf1 Kf5 30. Ke2 Ke4 31. Kd2 Kxd4 32. Rc3 Kxe5 33. Kd3 Kd6 34. Ra3 Rxc6 35. Rxa4 Rb6 36. Kc2 e5 0-1

[Event "*** Titled Tuesday Blitz"]
[Site "Chess.com"]
[Date "2021.03.02"]
[Round "11"]
[White "Artem_Koval"]
[Black "AntonovaNadezhda"]
[Result "0-1"]
[WhiteElo "2211"]
[BlackElo "2137"]
[TimeControl "180+1"]
[EndTime "12:09:07 PST"]
[Termination "AntonovaNadezhda won by checkmate"]

1. d4 Nf6 2. Bf4 g6 3. e3 Bg7 4. Nc3 O-O 5. Nf3 d6 6. Be2 b6 7. h4 h5 8. Ng5 Bb7 9. Bf3 Bxf3 10. Qxf3 Nbd7 11. Bh2 c5 12. O-O-O cxd4 13. exd4 Rc8 14. Rhe1 Ng4 15. Bg3 Ndf6 16. Qd3 e6 17. f3 Nh6 18.
Bf2 Qc7 19. Kb1 d5 20. Be3 Nf5 21. g4 hxg4 22. fxg4 Nxg4 23. h5 Ngxe3 24. Rxe3 Nxe3 25. Qxe3 gxh5 26. Qd3 Rfe8 27. Qh7+ Kf8 28. Rf1 f5 29.
Qxh5 Bxd4 30. Nh7+ Ke7 31. Re1 Bxc3 32. Qg5+ Kd6 33. Qg3+ Kc6 34. Qxc3+ Kb7 35. Qh3 Qxc2+ 36. Ka1 Qc1+ 37. Rxc1 Rxc1# 0-1

[Event "*** Titled Tuesday Blitz"]
[Site "Chess.com"]
[Date "2021.03.02"]
[Round "11"]
[White "Sven_Tica"]
[Black "bratkoo"]
[Result "1-0"]
[WhiteElo "2672"]
[BlackElo "2520"]
[TimeControl "180+1"]
[EndTime "12:09:13 PST"]
[Termination "Sven_Tica won by resignation"]

1. d4 e6 2. c4 d5 3. g3 Nf6 4. Bg2 Be7 5. Nf3 O-O 6. Nc3 c6 7. O-O b6 8. Ne5 Bb7 9. e4 Nbd7 10. Nxc6 Bxc6 11. exd5 exd5 12. cxd5 Bb7 13. d6 Bxg2 14.
dxe7 Qxe7 15. Kxg2 Rfd8 16. Re1 Qb4 17. a3 Qc4 18. Be3 Nf8 19. Rc1 Rac8 20. Qf3 Qb3 21. Bg5 Rd6 22. d5 Qxb2 23. Na4 Rxc1 24. Nxb2 Rxe1 25.
Nc4 Rxd5 26. Bxf6 Rc5 27. Nb2 Re8 28. Nd3 Ra5 29. Bb2 Ne6 30. Ne5 f6 31. Qc6 Re7 32. Qc8+ Nf8 33. Qc4+ Re6 34. Nd3 Kf7 35. Nf4 Rc5 36.
Qb3 g5 37. Nxe6 Nxe6 38. Qd3 Nf8 39. Qd4 Rc6 40. Qd5+ Re6 41. a4 Ke7 42. Qb7+ Nd7 43. Ba3+ Ke8 44. Qc8+ 1-0

[Event "*** Titled Tuesday Blitz"]
[Site "Chess.com"]
[Date "2021.03.02"]
[Round "11"]
[White "Manukyan_Artak"]
[Black "Aradhya2000"]
[Result "0-1"]
[WhiteElo "2355"]
[BlackElo "2526"]
[TimeControl "180+1"]
[EndTime "12:09:13 PST"]
[Termination "Aradhya2000 won by resignation"]

1. e4 e5 2. Nf3 Nc6 3. d4 exd4 4. Nxd4 Nf6 5. Nxc6 bxc6 6. Nc3 Bb4 7. Bd3 O-O 8. O-O Re8 9. Bg5 h6 10. Bh4 Bxc3 11.
bxc3 g5 12. Bg3 Nxe4 13. Bxe4 Rxe4 14. Qh5 Qf6 15. Rae1 d5 16. f3 Rxe1 17. Rxe1 Bf5 18. Be5 Qg6 19. Qxg6+ Bxg6 20. Bxc7 Bxc2 21. Kf2 Bf5 22.
Re7 a5 23. Bd6 Be6 24. a3 Ra6 25. Bc5 Kg7 26. Ke3 Kf6 27. Ra7 Rxa7 28. Bxa7 Ke5 29. Bb8+ Kf6 30. Kd4 Ke7 31. Kc5 Kd7 32. Kb6 a4 33. Ka5 c5 34. Kxa4 Kc6 35. Be5 Bf5 36. Kb3 Bd3 37. f4 f5 38. g3 g4 39. a4 h5 40. Bf6 Bc4+ 41. Ka3 Be2 42. Be7 d4 43.
cxd4 cxd4 44. Kb4 Kd5 45. a5 Ba6 46. Kb3 Ke4 47. Bc5 d3 48. Kc3 Kf3 49. Kd2 Kg2 50.
Be7 Kxh2 51. Bh4 Kg2 52. Ke3 Kf1 53. Kd2 Kf2 54. Kd1 Ke3 55. Be7 Bb5 56. Bc5+ Kf3 0-1

[Event "*** Titled Tuesday Blitz"]
[Site "Chess.com"]
[Date "2021.03.02"]
[Round "11"]
[White "Atco84"]
[Black "Walter_White_Poland"]
[Result "1/2-1/2"]
[WhiteElo "2399"]
[BlackElo "2291"]
[TimeControl "180+1"]
[EndTime "12:09:13 PST"]
[Termination "Game drawn by repetition"]

1. b3 e5 2. Bb2 Nc6 3. Nf3 e4 4. Nd4 Nxd4 5. Bxd4 c5 6. Bb2 d5 7. e3 Nf6 8. d3 Be7 9. Be2 exd3 10. cxd3 O-O 11.
Nd2 b6 12. O-O Bb7 13. Nf3 Qd7 14. d4 h6 15. Rc1 Rac8 16. Ne5 Qe6 17. Bd3 Nd7 18.
Bb1 Nxe5 19. dxe5 g6 20. f4 f5 21. exf6 Bxf6 22. Bxf6 Qxe3+ 23. Kh1 Rxf6 24. Qg4 Rcf8 25. Rce1 Qd4 26. g3 Bc8 27. Qh4 Kg7 28. Re7+ R8f7 29.
Rxf7+ Rxf7 30. Qd8 Bf5 31. Bxf5 gxf5 32. Re1 Qf2 33. Qe8 d4 34. Qe5+ Kg6 35. Qe6+ Kg7 36.
Qe5+ Kg6 37. Qe6+ Kg7 38. Qe5+ 1/2-1/2

[Event "*** Titled Tuesday Blitz"]
[Site "Chess.com"]
[Date "2021.03.02"]
[Round "11"]
[White "canary2016"]
[Black "mr65"]
[Result "1-0"]
[WhiteElo "2000"]
[BlackElo "2060"]
[TimeControl "180+1"]
[EndTime "12:09:13 PST"]
[Termination "canary2016 won on time"]

1. d4 Nf6 2. Bf4 g6 3. Nc3 d5 4. e3 Bg7 5. h4 c5 6. Nb5 Na6 7. c3 O-O 8. Nf3 Bg4 9. Be2 Nd7 10. Na3 cxd4 11. cxd4 Qa5+ 12. Qd2 Qxd2+ 13. Nxd2 Bxe2 14. Kxe2 e5 15. dxe5 Nxe5 16. Bg3 Rac8 17. Rhc1 Nc4 18. Naxc4 dxc4 19. Nxc4 b5 20. Ne5 Rxc1 21. Rxc1 Re8 22. f4 Bxe5 23. fxe5 Nb4 24. a3 Na6 25. Rc6 Nb8 26.
Rc7 a5 27. Rb7 b4 28. axb4 axb4 29. Rxb4 Nc6 30. Rb5 h5 31. Rc5 Ne7 32. b4 Nf5 33. Bf2 Rb8 34. b5 Kf8 35. e4 Ng7 36. b6 Ne6 37. g3 Nxc5 38. Bxc5+ Ke8 39. Kd3 Kd7 40. Kd4 Kc6 41. Kc4 Rd8 42. Bb4 Rd1 43. Bd6 Re1 44. Kd4 Re2 45. Bc7 Rg2 46. e6 fxe6 47. Ke3 Rb2 48. Kf4 Rb5 49. e5 Kd5 50. Kg5 Rb3 51. Kxg6 Kc6 52. Kxh5 Rxg3 53. Kh6 Rg2 54. h5 Rg3 55. Kh7 Rg2 56. h6 Rg1 57. Kh8 Rg2 58. h7 Rg5 59. Bd8 Rg4 60. Bf6 Kxb6 61. Bg7 Rh4 62.
Kg8 Rxh7 63. Kxh7 1-0

[Event "*** Titled Tuesday Blitz"]
[Site "Chess.com"]
[Date "2021.03.02"]
[Round "11"]
[White "NateSolon"]
[Black "German_Bazeev"]
[Result "0-1"]
[WhiteElo "2606"]
[BlackElo "2754"]
[TimeControl "180+1"]
[EndTime "12:09:14 PST"]
[Termination "German_Bazeev won by resignation"]

1. d4 Nf6 2. c4 e6 3. Nf3 d5 4. g3 Bb4+ 5. Nbd2 O-O 6. Bg2 b6 7. O-O Bb7 8. Ne5 Be7 9. b3 Nbd7 10. Bb2 c6 11. Qc2 Nxe5 12. dxe5 Nd7 13. e4 Rc8 14. Rad1 Qc7 15. f4 b5 16. cxd5 Qb6+ 17. Kh1 cxd5 18. Qb1 dxe4 19. Nxe4 Nc5 20. Bd4 Rfd8 21. Bg1 b4 22. Rxd8+ Qxd8 23. Bxc5 Bxc5 24. Nf6+ gxf6 25.
Bxb7 Rc7 26. Be4 f5 27. Bf3 Bb6 28. Rd1 Qc8 29. Qd3 Rc3 30. Qf1 Rc2 31. Qh3 Rc1 32.
Qf1 Rc2 33. Qh3 Qc5 34. Qh4 Rc1 35. Qg5+ Kf8 36. Qd8+ Bxd8 0-1

[Event "*** Titled Tuesday Blitz"]
[Site "Chess.com"]
[Date "2021.03.02"]
[Round "11"]
[White "maxip32"]
[Black "c_r_e_e_p_e_r"]
[Result "1-0"]
[WhiteElo "2517"]
[BlackElo "2413"]
[TimeControl "180+1"]
[EndTime "12:09:14 PST"]
[Termination "maxip32 won on time"]

1. e4 c5 2. Nf3 e6 3. d3 d5 4. Nbd2 Nf6 5. g3 Be7 6. Bg2 b6 7. O-O Bb7 8. Re1 Nc6 9. c3 Qc7 10. a3 O-O 11. e5 Nd7 12. d4 b5 13. h4 Qb6 14. Nf1 a5 15. h5 b4 16. N1h2 bxc3 17.
bxc3 cxd4 18. cxd4 a4 19. h6 g6 20. Ng4 Na5 21.
Be3 Nc4 22. Bg5 Qd8 23. Bxe7 Qxe7 24. Nd2 Nxa3 25. Qf3 Nc2 26. Reb1 Nxd4 27. Qd3 Nb3 28. Nxb3 axb3 29. Rxa8 Rxa8 30. Rxb3 Nc5 31. Nf6+ Kh8 32. Qc3 Nxb3 33. Qxb3 Qc7 34. Kh2 Rb8 35. Qf3 d4 36. Nd5 Qd8 37. Qxf7 1-0

[Event "*** Titled Tuesday Blitz"]
[Site "Chess.com"]
[Date "2021.03.02"]
[Round "11"]
[White "organdzievhren"]
[Black "Grineva_Marianna"]
[Result "1/2-1/2"]
[WhiteElo "2437"]
[BlackElo "2265"]
[TimeControl "180+1"]
[EndTime "12:09:15 PST"]
[Termination "Game drawn - insufficient material"]

1. e4 c5 2. Nf3 Nc6 3. Bb5 g5 4. h3 h6 5. Bxc6 dxc6 6. d3 Bg7 7. Nbd2 Qc7 8. Nc4 b6 9. a4 Be6 10. Ne3 Nf6 11. Qe2 Rd8 12. a5 Nh5 13. g3 Nf6 14. g4 Nd7 15. Nf5 Bxf5 16. gxf5 Ne5 17. h4 Nxf3+ 18.
Qxf3 c4 19. hxg5 hxg5 20. Rxh8+ Bxh8 21. axb6 axb6 22. Bxg5 Bxb2 23. Ra2 Bc3+ 24. Ke2 cxd3+ 25. cxd3 b5 26. f6 exf6 27. Bxf6 Bxf6 28. Qxf6 Qd6 29. Qxd6 Rxd6 30. Ra6 Ke7 31. e5 Rh6 32. d4 Rg6 33. f4 Rg2+ 34. Ke3 Rc2 35. f5 b4 36. Ra7+ Kf8 37. Rb7 Rc4 38. Kd3 Rc3+ 39. Ke4 b3 40.
f6 Kg8 41. Kf5 Rd3 42. Rb4 b2 43. Rxb2 Rxd4 44. Rb8+ Kh7 45. Rf8 Rd7 46. Rxf7+ Rxf7 47. e6 Kg8 48. exf7+ Kxf7 49. Ke5 c5 50. Kd5 Kxf6 51. Kxc5 1/2-1/2

[Event "*** Titled Tuesday Blitz"]
[Site "Chess.com"]
[Date "2021.03.02"]
[Round "11"]
[White "rachidhuilda"]
[Black "SimplyDevina"]
[Result "0-1"]
[WhiteElo "2267"]
[BlackElo "2183"]
[TimeControl "180+1"]
[EndTime "12:09:17 PST"]
[Termination "SimplyDevina won on time"]

1. d4 d5 2. Nf3 e6 3. Bf4 Nf6 4. e3 Bd6 5. Bg3 Nbd7 6. Nbd2 Qe7 7. Ne5 O-O 8. f4 c5 9. c3 Ne4 10. Nxe4 dxe4 11. Be2 f6 12. Nc4 Bc7 13. a4 b6 14.
O-O Bb7 15. a5 b5 16. a6 Bd5 17. Nd2 Rab8 18. Bh4 cxd4 19. cxd4 Rfc8 20. Qb1 g5 21.
fxg5 fxg5 22. Bf2 Nf6 23. h3 Qd6 24. g3 e5 25. dxe5 Qxe5 26. Kg2 h5 27. Rh1 h4 28. Rf1 hxg3 29. Be1 Rf8 30. b4 Rf7 31. Nb3 Rh7 32.
Nd4 Qd6 33. Nf5 Qd7 0-1

[Event "*** Titled Tuesday Blitz"]
[Site "Chess.com"]
[Date "2021.03.02"]
[Round "11"]
[White "salomez"]
[Black "ObligatePawnivore"]
[Result "1-0"]
[WhiteElo "2209"]
[BlackElo "1864"]
[TimeControl "180+1"]
[EndTime "12:09:17 PST"]
[Termination "salomez won on time"]

1. e4 e6 2. d4 d5 3. Nc3 Nf6 4. e5 Nfd7 5. f4 c5 6. Nf3 Be7 7. Be3 b6 8. Bd3 O-O 9. h4 f5 10.
exf6 Nxf6 11. Ne5 Bb7 12. g4 Ne4 13. Bxe4 dxe4 14. dxc5 Bxh4+ 15. Kf1 Qxd1+ 16. Rxd1 Bg5 17. cxb6 Bxf4 18. Bxf4 Rxf4+ 19. Ke2 Nc6 20. Nxc6 Bxc6 21. Rd6 Bb7 22. Rd7 Ba6+ 23. Ke3 Rf7 24. Rxf7 Kxf7 25. bxa7 h6 26. Nxe4 Rxa7 27. b3 Bb7 28. Rf1+ Ke7 29. Nc5 Bc8 30. c4 Rxa2 31. Nd3 Rg2 32. Rf4 g5 33. Rd4 Rg3+ 34. Kf2 Rh3 35. c5 Rh2+ 36.
Kg3 Rc2 37. b4 Rc3 38. Kf2 Ba6 39. Ne5 1-0

[Event "*** Titled Tuesday Blitz"]
[Site "Chess.com"]
[Date "2021.03.02"]
[Round "11"]
[White "klimkoj"]
[Black "bakki78"]
[Result "0-1"]
[WhiteElo "2612"]
[BlackElo "2788"]
[TimeControl "180+1"]
[EndTime "12:09:20 PST"]
[Termination "bakki78 won by resignation"]

1. d4 d6 2. e4 Nf6 3. Nc3 e5 4. Nf3 Nbd7 5. Rg1 c6 6. g4 d5 7. exd5 exd4 8. Nxd4 Nxd5 9. Nxd5 cxd5 10. Qe2+ Be7 11. Nf5 g6 12. Nxe7 Qxe7 13. Be3 O-O 14. O-O-O Nf6 15. Bd4 Qxe2 16. Bxe2 Ne4 17. f3 Ng5 18.
Bb5 Nxf3 19. Rg3 Nxd4 20. Rxd4 Be6 21. Ba4 Rac8 22. Bb3 Rc5 23. Rgd3 Rd8 24. g5 Kg7 25.
h4 h6 26. Kd2 hxg5 27. hxg5 Rh8 28. Re3 Rh5 29. Rg3 Rh2+ 30. Kc1 Bf5 31. Rc3 Rxc3 32.
bxc3 Rg2 33. Rxd5 Rxg5 34. Rc5 Rg1+ 35. Kb2 Rf1 36. Rc7 Be4 37. a3 g5 38. Re7 Bc6 39.
a4 g4 40. Re3 f5 41. a5 a6 42. Be6 f4 43. Rd3 g3 44. Bh3 g2 45. Bxg2 Bxg2 46.
c4 Bc6 47. c5 f3 0-1

[Event "*** Titled Tuesday Blitz"]
[Site "Chess.com"]
[Date "2021.03.02"]
[Round "11"]
[White "NikolaGry"]
[Black "GMaka"]
[Result "1-0"]
[WhiteElo "2609"]
[BlackElo "2462"]
[TimeControl "180+1"]
[EndTime "12:09:20 PST"]
[Termination "NikolaGry won by resignation"]

1. b3 g6 2. Bb2 Nf6 3. Bxf6 exf6 4. c4 Bg7 5. Nc3 b6 6. Nf3 f5 7. d4 Bb7 8. e3 O-O 9. g3 d6 10. Bg2 Nd7 11. O-O Nf6 12. Rc1 Ne4 13. Nd5 Re8 14. Nd2 c6 15. Nf4 c5 16. Nf3 Qf6 17.
Re1 g5 18. Ne2 Rad8 19. Nd2 h5 20. Qc2 Qg6 21. Rcd1 h4 22. Nxe4 Bxe4 23. Bxe4 fxe4 24. dxc5 bxc5 25. Rd5 Re5 26. Red1 Rxd5 27. Rxd5 Be5 28.
Nc3 f5 29. Na4 Rf8 30. Nxc5 hxg3 31. fxg3 Qh7 32. Ne6 Rf6 33. Nxg5 Qh5 34. h4 Qg4 35. Qg2 Bxg3 36. c5 dxc5 37. Rd8+ Kg7 38. Rd7+ Kf8 39. Nh7+ Ke8 40. Nxf6+ Kf8 41. Nxg4 1-0

[Event "*** Titled Tuesday Blitz"]
[Site "Chess.com"]
[Date "2021.03.02"]
[Round "11"]
[White "stasiek18"]
[Black "KonstantinB_1983"]
[Result "1-0"]
[WhiteElo "2432"]
[BlackElo "2515"]
[TimeControl "180+1"]
[EndTime "12:09:20 PST"]
[Termination "stasiek18 won on time"]

1. d4 Nf6 2. Bg5 Ne4 3. h4 d5 4. Nd2 Bf5 5. Nxe4 Bxe4 6. f3 h6 7. fxe4 hxg5 8. exd5 Qxd5 9. Qd3 gxh4 10. e4 Qa5+ 11. c3 e5 12. dxe5 Nd7 13. Nf3 O-O-O 14. O-O-O Qxa2 15. g3 Be7 16. Bh3 Qa4 17. gxh4 Rh6 18.
Ng5 Rb6 19. Nxf7 Qa1+ 20. Qb1 Qa4 21. Nxd8 Kxd8 22. Bxd7 Qa5 23. Bf5+ Ke8 24. Bd7+ Kd8 25. Rhf1 Qxe5 26. Be6+ Bd6 27. Bf5 Qe7 28. Qd3 Ke8 29.
Qd5 c6 30. Qg8+ Qf8 31. Bg6+ Ke7 32. Rxf8 1-0

[Event "*** Titled Tuesday Blitz"]
[Site "Chess.com"]
[Date "2021.03.02"]
[Round "11"]
[White "AniJak"]
[Black "Kozok"]
[Result "0-1"]
[WhiteElo "2332"]
[BlackElo "2458"]
[TimeControl "180+1"]
[EndTime "12:09:20 PST"]
[Termination "Kozok won by checkmate"]

1. e4 c5 2. Nc3 e6 3. g3 d5 4. exd5 exd5 5. d4 Nc6 6. Bb5 Nf6 7. Nge2 Bg4 8. O-O Be7 9. dxc5 O-O 10. Bxc6 bxc6 11. Be3 Nd7 12. f3 Bh3 13. Re1 Bxc5 14. Bxc5 Nxc5 15. Nf4 Bf5 16. g4 Bd7 17. Qd4 Ne6 18.
Nxe6 Bxe6 19. h3 Rb8 20. Na4 Qd6 21. Kg2 Rb4 22. Qxa7 h5 23. Qc5 Qb8 24. b3 hxg4 25.
hxg4 Bxg4 26. c4 dxc4 27. fxg4 cxb3 28. Qf5 Rf4 29. Qg5 Rxa4 30. axb3 Rxa1 31. Rxa1 Qxb3 32. Rh1 Qc2+ 33. Kg3 Qd3+ 34. Kg2 Re8 35. Qf5 Re2+ 36. Kg1 Qg3+ 37. Kf1 Qe1# 0-1